cohdb
Replays
Latest Replays
All Replays
Popular Replays
Top Player Replays
Match Explorer
How It Works
Community
CoH3 Stats
Reddit
Sign in to upload your games and track your stats! →
Sign in with Steam
Match 45517304
Unlisted
Match 45517304
Overview
Messages
Build Orders
End
Construct Infanterie Kompanie
Selects Luftwaffe Battlegroup
Selects Luftwaffe Pioneer Support
Fallschirmpioneer Squad Paradrop
MG 42 Machine Gun Team
Grenadier Squad
Fallschirmpioneer Squad Paradrop
Infanterie Officer Quarters
Construct Luftwaffe Kompanie
Flak 30 Anti-aircraft Gun Team
Selects Flak 38 Anti-Air Emplacement
Selects Reconnaissance Run
Selects Fallschirmjäger Squad Paradrop
Support Elements
Luftwaffe Officer Quarters
Medical Bunker
Side Skirts
Alloyzy Klex
SEPH
DKowal
Trojan
0
0
Comments
sign in to comment!
No comments posted yet!